 Dungeon Crawl Stone Soup version 0.29.1-13-g9f3cf754e1 (webtiles) character file.

Game seed: 16622958748532043927

557 EarthwalkerPL the Covered (level 7, -5/63 HPs)
             Began as a Minotaur Fighter on Jan 21, 2023.
             Slain by a two-headed ogre
             ... wielding a +0 giant spiked club
              (8 damage)
             ... on level 5 of the Dungeon.
             The game lasted 00:06:48 (4695 turns).

EarthwalkerPL the Covered (Minotaur Fighter)        Turns: 4695, Time: 00:06:49

Health: -5/63      AC:  7    Str: 20    XL:     7   Next: 9%
Magic:  6/6        EV:  9    Int:  5    God:
Gold:   232        SH:  5    Dex: 12    Spells: 6/6 levels left

rFire   . . .      SeeInvis .   a - +0 war axe
rCold   . . .      Faith    .   c - +0 buckler
rNeg    . . .      Spirit   .   b - +0 scale mail
rPois   .          Reflect  .   (helmet restricted)
rElec   .          Harm     .   (no cloak)
rCorr   .          Rampage  .   (no gloves)
Will    .....                   (no boots)
Stlth   ..........              (no amulet)
HPRegen 0.20/turn               (no ring)
MPRegen 0.10/turn               (no ring)

@: no status effects
A: horns 2, retaliatory headbutt
a: no special abilities


You were on level 5 of the Dungeon.
You visited 1 branch of the dungeon, and saw 5 of its levels.

You collected 232 gold pieces.

Inventory:

Hand Weapons
 a - a +0 war axe (weapon)
Missiles
 i - a throwing net (quivered)
Armour
 b - a +0 scale mail (worn)
 c - a +0 buckler (worn)
Scrolls
 f - a scroll of poison {unknown}
 j - 3 scrolls of teleportation {unknown}
 k - 2 scrolls of enchant armour {unknown}
 l - a scroll of silence {unknown}
 n - a scroll of magic mapping {unknown}
 r - 2 scrolls of amnesia {unknown}
 s - 3 scrolls of identify {unknown}
 t - a scroll of fear {unknown}
 v - a scroll of immolation {unknown}
 w - a scroll of vulnerability {unknown}
 y - a scroll of torment {unknown}
 B - a scroll of butterflies {unknown}
 C - a scroll of summoning {unknown}
Potions
 d - 3 potions of might
 e - a potion of attraction {unknown}
 g - a potion of magic {unknown}
 h - 3 potions of curing {unknown}
 m - 2 potions of flight {unknown}
 o - a potion of lignification {unknown}
 p - 3 potions of degeneration {unknown}
 q - 3 potions of heal wounds {unknown}
 u - a potion of brilliance {unknown}
 x - 2 potions of mutation {unknown}
 z - a potion of berserk rage {unknown}
 A - a potion of ambrosia {unknown}
 D - a potion of haste {unknown}


   Skills:
 * Level 6.1 Fighting
 * Level 5.2 Axes
 * Level 6.1 Armour
 + Level 4.9 Shields


You had 6 spell levels left.
You didn't know any spells.
Your spell library contained the following spells:

 Spells                   Type           Power      Damage    Failure   Level
 Foxfire                  Conj/Fire      0%         2x1d4     88%         1
 Summon Small Mammal      Summ           0%         N/A       88%         1
 Sublimation of Blood     Necr           0%         N/A       95%         2
 Wereblood                Tmut           0%         N/A       95%         2
 Call Canine Familiar     Summ           0%         N/A       99%         3
 Conjure Flame            Conj/Fire      0%         6-21      99%         3
 Dazzling Flash           Conj/Hex       0%         N/A       99%         3
 Inner Flame              Hex/Fire       0%         N/A       99%         3
 Summon Guardian Golem    Hex/Summ       0%         N/A       99%         3
 Flame Wave               Conj/Fire      0%         2d4       100%        4
 Agony                    Necr           0%         N/A       100%        5
 Silence                  Hex/Air        0%         N/A       100%        5
 Summon Hydra             Summ           0%         N/A       100%        7


Dungeon Overview and Level Annotations

Branches:
Dungeon (5/15)
 Temple: D:4-7

Altars:
Nemelex Xobeh

Shops:
D:2 *   D:5 *


Innate Abilities, Weirdness & Mutations

You have a pair of horns on your head.
You reflexively headbutt those who attack you in melee.


Message History

There is an entrance to Boenerr's Assorted Antiques here.
Found a sling.
You see here a +0 sling.
There is a large open door here.
Found 3 stones.
A two-headed ogre and an orc warrior come into view.
The two-headed ogre shouts in stereo!
The orc warrior shouts!
There is a large open door here.
There is an escape hatch in the ceiling here.
A mysterious force pulls you upwards. The hatch slams shut behind you.
There is a stone staircase leading down here.
You climb downwards.
There is a stone staircase leading up, spattered with blood here.
Items here: )) ††.
You see here a +0 flail.
Found 6 gold pieces.
You now have 232 gold pieces (gained 6).
Found 6 stones.
Found a sedimented inky potion.
The two-headed ogre shouts in stereo!
You see here a sedimented inky potion.
The two-headed ogre hits you with a +0 giant spiked club!
The two-headed ogre hits you with a +0 giant club!
You slash the two-headed ogre! You headbutt the two-headed ogre.
The two-headed ogre is moderately wounded.
The two-headed ogre hits you with a +0 giant spiked club!!
* * * LOW HITPOINT WARNING * * *
The two-headed ogre barely misses you.
You barely miss the two-headed ogre.
The two-headed ogre is moderately wounded.
The two-headed ogre barely misses you.
The two-headed ogre hits you with a +0 giant club!
* * * LOW HITPOINT WARNING * * *
You slash the two-headed ogre!
The two-headed ogre is heavily wounded.
You hit the two-headed ogre but do no damage.
You headbutt the two-headed ogre.
The two-headed ogre is heavily wounded.
The two-headed ogre hits you with a +0 giant spiked club!
You die...

###∩#...O..Oo.'.......?♣
.##.#.........#.......♣.
..#8#.##......#.........
..............#.........
......##......##........
......###..##..##.......
..>........##...##......
#...........#....##.....
...............!@O##
.........##........#
##.##....#.............
#####...####............
.....# #.#..#......#
####### ...#..##...###
#.......#...#
###....###### ...###


You could see a two-headed ogre.

Vanquished Creatures
  A phantom (D:4)
  4 hounds
  A gnoll bouda (D:5)
  3 iguanas
  An orc wizard (D:4)
  4 gnolls
  8 adders
  A shadow imp (D:5)
  A worm (D:3)
  A dart slug (D:5)
  6 orcs
  5 bats
  11 endoplasms
  5 giant cockroaches
  6 goblins
  7 hobgoblins
  14 jackals
  4 quokkas
  7 ball pythons
  6 frilled lizards
  9 kobolds
  7 rats
112 creatures vanquished.

Notes
Turn   | Place    | Note
-------+----------+-------------------------------------------
     0 | D:1      | EarthwalkerPL the Minotaur Fighter began the quest for the
                  | Orb.
     0 | D:1      | Reached XP level 1. HP: 19/19 MP: 0/0
   292 | D:1      | Reached XP level 2. HP: 27/27 MP: 1/1
   720 | D:1      | Reached XP level 3. HP: 33/33 MP: 2/2
  1701 | D:2      | Found Isaicraigu's General Store.
  1829 | D:2      | Found a faded altar of an unknown god.
  1838 | D:2      | Reached XP level 4. HP: 41/41 MP: 3/3
  3108 | D:4      | Found a sparkling altar of Nemelex Xobeh.
  3124 | D:4      | Reached skill level 5 in Fighting
  3124 | D:4      | Reached XP level 5. HP: 44/48 MP: 4/4
  3205 | D:4      | Noticed a phantom
  3212 | D:4      | Reached skill level 5 in Armour
  3221 | D:4      | Killed a phantom
  3362 | D:4      | Reached XP level 6. HP: 54/56 MP: 5/5
  4069 | D:5      | Entered Level 5 of the Dungeon
  4491 | D:5      | Reached skill level 5 in Axes
  4492 | D:5      | Reached XP level 7. HP: 44/63 MP: 6/6
  4597 | D:5      | Found Boenerr's Assorted Antiques.
  4622 | D:5      | Noticed a two-headed ogre
  4693 | D:5      | HP: 2/63 [two-headed ogre/+0 giant spiked club (7)]
  4695 | D:5      | Slain by a two-headed ogre

Illustrated notes

Levels and vault maps discovered:
D:1:      kilobyte_arrival_exit_the_forest, layout_basic
D:2:      layout_basic, serial_shops, shop,
          hellmonk_ecumenical_altar_dog_temple, chequers_serial_rivers_room_a
D:3:      layout_rooms
D:4:      layout_basic, nemelex_xobeh_ov_fountains_minmay
D:5:      kennysheep_big_flooded_room, layout_cave_pools,
          fedhas_altar_fruit_tree, serial_shops, shop_statue,
          minmay_misc_feat_tiny

Skill      XL: |  1  2  3  4  5  6 |
---------------+-------------------+-----
Fighting       | 4 5 6 |  6.1
Armour         | 4 5 6 |  6.1
Axes           | 3 4 5 |  5.2
Shields        | 4 |  4.9

Action                   |  1- 3 |  4- 6 |  7- 9 || total
-------------------------+-------+-------+-------++-------
Melee: War axe           |    98 |   145 |     6 ||   249
       Headbutt          |    10 |    18 |     3 ||    31
Armor: Scale mail        |    31 |    66 |     2 ||    99
Dodge: Dodged            |    54 |    79 |     2 ||   135
Block: Buckler           |    30 |    40 |       ||    70
